 Dungeon Crawl Stone Soup version 0.26-a0-1129-gc5df7fbe6a (webtiles) character file.

Game seed: 12538594927055042391

12037 voltaire321 the Covert (level 11, -7/76 HPs)
             Began as an Octopode Brigand on Dec 19, 2020.
             Was a Believer of Makhleb.
             Mangled by an unseen horror (10 damage)
             ... on level 11 of the Dungeon.
             The game lasted 00:59:35 (14584 turns).

voltaire321 the Covert (Octopode Brigand)          Turns: 14584, Time: 00:59:35

Health: -7/76      AC:  3    Str: 11    XL:     11   Next: 87%
Magic:  0/16       EV: 18    Int: 20    God:    Makhleb [**....]
Gold:   672        SH:  8    Dex: 16    Spells: 10/12 levels left

rFire    + . .     SeeInvis .   c - +5 short sword (speed)
rCold    + . .     Faith    .   k - +3 buckler {rC+ rF+}
rNeg     . . .     Spirit   +   K - +2 hat
rPois    +         Reflect  .   z - amulet of guardian spirit
rElec    .         Harm     .   g - +6 ring of intelligence (curse)
rCorr    .         Rampage  .   r - ring of poison resistance
Will     .....                  (no ring)
Stlth    ++++++....             (no ring)
HPRegen  0.22/turn              (no ring)
MPRegen  0.15/turn              (no ring)
                                (no ring)
                                (no ring)

@: no status effects
A: almost no armour, stealthy swim, amphibious, 8 rings, constrict 8, camouflage
1, gelatinous body 1
a: Renounce Religion, Minor Destruction


You were on level 11 of the Dungeon.
You worshipped Makhleb.
Makhleb was pleased with you.
You visited 2 branches of the dungeon, and saw 12 of its levels.

You collected 724 gold pieces.
You spent 52 gold pieces at shops.

Inventory:

Hand Weapons
 a - a +2 dagger
 c - a +5 short sword of speed (weapon)
Missiles
 b - 5 atropa-tipped darts
 i - 10 poisoned darts
 o - 5 boomerangs (quivered)
 F - 7 curare-tipped darts
Armour
 k - a +3 buckler of resistance (worn)
 K - a +2 hat (worn)
Jewellery
 g - a cursed +6 ring of intelligence (left tentacle)
 r - a ring of poison resistance (right tentacle)
 z - an amulet of guardian spirit (around mantle)
Wands
 u - a wand of flame (50)
 A - a wand of acid (25)
 E - a wand of polymorph (11)
 I - a wand of iceblast (7)
 J - a wand of paralysis (9)
Scrolls
 f - 2 scrolls of enchant armour
 j - a scroll of blinking {unknown}
 l - 4 scrolls of identify
 m - 2 scrolls of teleportation
 n - a scroll of torment {unknown}
 q - a scroll of magic mapping {unknown}
 w - 3 scrolls of immolation
 y - a scroll of enchant weapon
 C - 3 scrolls of fear
 G - a scroll of remove curse {unknown}
 H - a scroll of fog {unknown}
Potions
 d - a potion of lignification
 h - 2 potions of flight
 p - a potion of brilliance {unknown}
 s - a potion of might {unknown}
 t - 3 potions of curing
 v - 3 potions of magic {unknown}
 x - a potion of haste {unknown}
 B - 2 potions of mutation
 D - a potion of ambrosia {unknown}


   Skills:
 + Level 7.7 Fighting
 + Level 7.9 Short Blades
 + Level 7.9 Throwing
 + Level 7.6 Dodging
 + Level 11.7 Stealth
 - Level 4.0 Shields
 + Level 1.0 Spellcasting
 + Level 1.1 Translocations
 + Level 6.9 Invocations


You had 10 spell levels left.
You knew the following spells:

 Your Spells              Type           Power        Failure   Level
a - Blink                 Tloc           N/A          16%         2

Your spell library contained the following spells:

 Spells                   Type           Power        Failure   Level
 Magic Dart               Conj           4%           17%         1
 Call Imp                 Summ           1%           26%         2
 Slow                     Hex            1%           26%         2
 Conjure Flame            Conj/Fire      1%           45%         3
 Mephitic Cloud           Conj/Pois/Air  1%           45%         3


Dungeon Overview and Level Annotations

Branches:
Dungeon (11/15)            Temple (1/1) D:6             Orc (0/2) D:11
   Lair: D:8-11

Altars:
Ashenzari
Cheibriados
Dithmenos
Elyvilon
Fedhas
Gozag
Hepliaklqana
Kikubaaqudgha
Makhleb
Nemelex Xobeh
Okawaru
Qazlal
Ru
Sif Muna
Trog
Uskayaw
Vehumet
Wu Jian
Xom
Yredelemnul
Zin
The Shining One

Shops:
D:8 *   D:9 [

Portals:
Trove: D:10 (give +7 demon trident)


Innate Abilities, Weirdness & Mutations

You cannot wear most types of armour.
You are very stealthy in the water. (Stealth+)
You are amphibious.
You can wear up to eight rings at the same time.
You can use your tentacles to constrict eight enemies at once.
Your skin changes colour to match your surroundings (Stealth+).
Your rubbery body absorbs attacks. (AC +1, EV +1)


Message History

Something closely misses you. Something hits you!
You hit something. Your squeeze misses something. Something closely misses you.
You closely miss something. You squeeze something. Something hits you.
Something hits you. Something hits you!
You puncture something! Your squeeze misses something.
Something barely misses you.
You puncture something! Your squeeze misses something. Something hits you.
You closely miss something. You squeeze something. Something hits you!
You hit something. Your squeeze misses something. You block something's attack.
Something hits you!
You miss something. Something hits you.
* * * LOW HITPOINT WARNING * * *
You closely miss something. Something hits you!
* * * LOW HITPOINT WARNING * * *
You hit something but do no damage. Something hits you!
* * * LOW HITPOINT WARNING * * *
Something hits you.
* * * LOW HITPOINT WARNING * * *
You barely miss something. Your squeeze misses something. Something hits you!
You die...

.. #......# #.## .#
#......# #.#
..#......# #.#
.#......#####.#####
..................
#.#.......######.#
#.#.......# #.#
#.#.......# #.#
#@#.......# #.#
##.#.......######.#
#..÷...............
#.#..###......[#####
##.##..# #.......# #
.# #.# #..#
#.......# # ...
..#..#..# #.......#
# #.#.##..#.##
#.......# #
.........# #....>..#
#


There were no monsters in sight!

Vanquished Creatures
  Harold (D:7)
  2 two-headed ogres
  Pikel (D:7)
  A gargoyle (D:10)
  Maurice (D:8)
  A centaur skeleton (D:11)
  Maggie (D:7)
  A troll (D:11)
  29 yaks
  An orc warrior (D:9)
  An ice beast (D:9)
  3 sky beasts
  3 ogres
  A necrophage (D:4)
  5 phantoms
  4 centaurs
  2 big kobolds (D:4)
  5 bullfrogs
  A gnoll sergeant (D:8)
  3 scorpions
  5 killer bees (D:9)
  8 wights (D:8)
  3 howler monkeys
  2 electric eels (D:7)
  A bullfrog zombie (D:7)
  4 jellies
  4 orc priests
  A bullfrog skeleton (D:6)
  7 hounds
  6 orc wizards
  2 iguanas
  7 worker ants
  A hound zombie (D:10)
  A hound skeleton (D:5)
  Robin (D:4)
  12 gnolls
  14 adders
  2 shadow imps
  3 white imps
  An ufetubus (D:6)
  An ooze (D:2)
  An adder zombie (D:9)
  A worm (D:3)
  2 dart slugs
  3 leopard geckos
  24 orcs
  9 bats
  9 giant cockroaches
  34 goblins
  39 hobgoblins
  8 jackals
  6 kobolds
  5 quokkas
  A ball python (D:7)
  A ball python skeleton (D:4)
  6 frilled lizards
  A jackal skeleton (D:4)
  A leopard gecko skeleton (D:5)
  A leopard gecko zombie (D:5)
  9 rats
314 creatures vanquished.

Vanquished Creatures (others)
  8 plants (D:7)
8 creatures vanquished.

Grand Total: 322 creatures vanquished

Notes
Turn   | Place    | Note
-------+----------+-------------------------------------------
     0 | D:1      | voltaire321 the Octopode Brigand began the quest for the
                  | Orb.
     0 | D:1      | Reached XP level 1. HP: 14/14 MP: 1/1
   184 | D:1      | Reached XP level 2. HP: 19/19 MP: 2/2
   465 | D:1      | Reached XP level 3. HP: 22/24 MP: 3/3
  1045 | D:2      | Reached skill level 1 in Shields
  1045 | D:2      | Reached XP level 4. HP: 23/30 MP: 4/4
  1688 | D:3      | Found a sacrificial altar of Ru.
  1689 | D:3      | f
  1726 | D:3      | Reached skill level 6 in Stealth
  1897 | D:3      | Reached XP level 5. HP: 32/35 MP: 5/5
  1992 | D:3      | Found a snail-covered altar of Cheibriados.
  2482 | D:4      | Noticed a necrophage
  2494 | D:4      | Killed a necrophage
  2495 | D:4      | Reached XP level 6. HP: 26/42 MP: 6/6
  2834 | D:4      | Noticed Robin
  3292 | D:4      | Killed Robin
  3661 | D:4      | Reached XP level 7. HP: 44/46 MP: 7/7
  5028 | D:4      | Reached skill level 7 in Stealth
  5397 | D:5      | Entered Level 5 of the Dungeon
  5425 | D:5      | Reached XP level 8. HP: 39/54 MP: 8/8
  5596 | D:5      | Found a shimmering blue altar of Sif Muna.
  5599 | D:5      | Found a hazy altar of Hepliaklqana.
  6891 | D:6      | Found a staircase to the Ecumenical Temple.
  6905 | Temple   | Entered the Ecumenical Temple
  7090 | Temple   | Became a worshipper of Makhleb the Destroyer
  7133 | D:6      | Reached skill level 8 in Stealth
  7137 | D:6      | Reached skill level 1 in Invocations
  8138 | D:7      | Reached XP level 9. HP: 52/60 MP: 10/10
  8268 | D:7      | Noticed Maggie
  8286 | D:7      | Killed Maggie
  8287 | D:7      | Reached skill level 5 in Fighting
  8287 | D:7      | Reached skill level 5 in Short Blades
  8287 | D:7      | Reached skill level 5 in Throwing
  8406 | D:7      | Found an opulent altar of Gozag.
  8414 | D:7      | Noticed Harold
  8940 | D:7      | Reached * piety under Makhleb
  8943 | D:7      | Noticed Pikel
  8974 | D:7      | Killed Pikel
  8975 | D:7      | Reached skill level 5 in Dodging
  8975 | D:7      | Reached skill level 9 in Stealth
  9086 | D:7      | Found a shadowy altar of Dithmenos.
  9208 | D:7      | Killed Harold
  9209 | D:7      | Reached XP level 10. HP: 68/68 MP: 11/13
  9814 | D:8      | Found Aretuymm's General Store.
  9870 | D:8      | Noticed Maurice
  9899 | D:8      | Killed Maurice
  9933 | D:8      | Noticed a two-headed ogre
  9968 | D:8      | Killed a two-headed ogre
  9969 | D:8      | Reached skill level 10 in Stealth
 10429 | D:8      | Reached skill level 5 in Invocations
 10689 | D:8      | Found an ornate altar of the Wu Jian Council.
 11456 | D:9      | Reached XP level 11. HP: 74/74 MP: 15/15
 11480 | D:9      | Reached ** piety under Makhleb
 11683 | D:9      | Reached skill level 11 in Stealth
 12322 | D:9      | Found Lydipsyi's Armour Boutique.
 12332 | D:9      | Bought a +0 hat for 52 gold pieces
 12408 | D:9      | Noticed a two-headed ogre
 12423 | D:9      | Killed a two-headed ogre
 12595 | D:10     | Entered Level 10 of the Dungeon
 13537 | D:10     | Learned a level 2 spell: Blink
 13803 | D:10     | Found a portal to a secret trove of treasure.
 13909 | D:11     | Reached skill level 1 in Translocations
 13961 | D:11     | Reached skill level 1 in Spellcasting
 14029 | D:11     | Found a staircase to the Orcish Mines.
 14193 | D:11     | Reached *** piety under Makhleb
 14583 | D:11     | HP: 3/76 [something (1)]
 14584 | D:11     | Mangled by an unseen horror

Illustrated notes

# .# ..#_#
#########.....#
r......@..###≈#
########..#...#
..#.... .####..
..#..?. ..#....
###.#.. ....


Turn 1689 on D:3: f

Levels and vault maps discovered:
D:1:      onia_arrival_pyramid, layout_rooms, minmay_misc_feat_plants
D:2:      layout_loops_corners, serial_glass, glass_columns_a, glass_columns_a,
          glass_columns_a, glass_columns_b
D:3:      minmay_recursive_quarters, layout_rooms, general_overflow_altar,
          hangedman_ru_absence, grunt_ministairs_14
D:4:      minmay_goblin_kobold_castle, layout_rooms, uniq_robin
D:5:      layout_layer_cave, chequers_temple_overflow_statue_of_worship,
          minmay_checkerbox
D:6:      wad_pebble_path, layout_loops_ring,
          minmay_temple_entry_statues_fountains
D:7:      layout_rooms, grunt_dithmenos_smoke, basic_altar, serial_bayou_ford_a,
          minivault_24, minivault_5, uniq_pikel, uniq_maggie, uniq_harold
D:8:      layout_cave_pools, lemuel_doored_altar, serial_shops,
          nicolae_shop_waterfront, uniq_maurice
D:9:      layout_roguey, serial_shops, nicolae_shop_window_shopping,
          corexii_hall_statues_u
D:10:     layout_small_grid, nicolae_trove_entry_crystal, grunt_decor_fettered
D:11:     minmay_the_grid_square_5x5_4x4 [minmay_the_grid_square_5x5_bridge,
          minmay_the_grid_square_5x5_intrusive_squares,
          minmay_the_grid_square_5x5_seven, minmay_the_grid_square_5x5_two,
          minmay_the_grid_square_5x5_minivault,
          minmay_the_grid_square_5x5_prize_gold,
          minmay_the_grid_square_5x5_prize_waves,
          minmay_the_grid_square_5x5_hollow_slash,
          minmay_the_grid_square_5x5_almost_minimal,
          minmay_the_grid_square_5x5_prize_rear_guard,
          minmay_the_grid_square_5x5_prize_pseudospiral,
          minmay_the_grid_square_5x5_shuriken,
          minmay_the_grid_square_5x5_trominoes,
          minmay_the_grid_square_5x5_spiral, minmay_the_grid_square_5x5_shrine2,
          minmay_the_grid_square_5x5_v], layout_small_grid, lair_entry_dummy,
          orc_0_dummy
Temple:   eino_temple_rhombus

Skill      XL: |  1  2  3  4  5  6  7  8  9 10 11 |
---------------+----------------------------------+-----
Shields        | 1 2 3 4 |  4.0
Stealth        | 6 7 8 9 10 11 | 11.7
Fighting       | 3 4 5 6 7 |  7.7
Short Blades   | 3 4 6 7 |  7.9
Throwing       | 3 4 6 7 |  7.9
Dodging        | 2 3 4 5 6 7 |  7.6
Invocations    | 1 4 5 6 |  6.9
Translocations | 1 |  1.1
Spellcasting   | 1 |  1.0

Action                   |  1- 3 |  4- 6 |  7- 9 | 10-12 || total
-------------------------+-------+-------+-------+-------++-------
Melee: Dagger            |    31 |   154 |       |       ||   185
       Constrict         |    10 |    33 |    73 |    29 ||   145
       Tentacles         |     4 |    30 |    59 |   115 ||   208
       Short sword       |       |     7 |   308 |   434 ||   749
Throw: Dart              |    44 |    28 |    15 |     1 ||    88
       Boomerang         |       |       |    13 |   119 ||   132
Evoke: Wand              |       |       |     4 |       ||     4
  Use: Scroll            |       |     6 |     6 |     7 ||    19
       Potion            |       |     2 |     1 |     1 ||     4
 Stab: Sleeping          |       |     2 |    19 |    21 ||    42
       Distracted        |       |     2 |       |       ||     2
       Invisible         |       |     1 |     2 |       ||     3
Armor: Skin              |     3 |    78 |     8 |     9 ||    98
Dodge: Dodged            |    11 |    89 |   159 |   149 ||   408
Block: Buckler           |       |       |     3 |    79 ||    82

Table legend: (Time is in decaauts)
 A = Elapsed time spent in this place.
 B = Non-inter-level travel time spent in this place.
 C = Inter-level travel time spent in this place.
 D = Time resting spent in this place.
 E = Time spent auto-exploring this place.
 F = Levels seen in this place.
 G = Mean time per level.
                   A        B        C        D        E       F      G
               +--------+--------+--------+--------+--------+-----+--------+
         Total |  14204 |  13930 |    274 |   4865 |   4838 |  12 | 1183.7 |
       Dungeon |  14011 |  13737 |    274 |   4865 |   4697 |  11 | 1273.7 |
        Temple |    192 |    192 |      0 |      0 |    141 |   1 |  192.0 |
               +--------+--------+--------+--------+--------+-----+--------+

Top non-repeatable levels by time:
     D:4: 2383 daAuts
     D:7: 1716 daAuts
     D:8: 1465 daAuts
     D:9: 1409 daAuts
     D:5: 1303 daAuts
     D:3: 1256 daAuts
     D:6: 1181 daAuts
     D:2: 1113 daAuts
    D:10: 922 daAuts
    D:11: 695 daAuts
     D:1: 564 daAuts
  Temple: 192 daAuts
